 Dungeon Crawl Stone Soup version 0.24-a0-618-ge4662a2 (webtiles) character file.

Game seed: 9623275639459678646, levelgen mode: deterministic

222 BoppinsLewinski the Skirmisher (level 5, 0/46 HPs)
             Began as a Centaur Fighter on Sept 16, 2019.
             Was an Initiate of Gozag.
             Slain by a sky beast (1 damage)
             ... on level 5 of the Dungeon.
             The game lasted 00:07:24 (3958 turns).

BoppinsLewinski the Skirmisher (Centaur Fighter)    Turns: 3958, Time: 00:07:24

Health: 0/46       AC:  8    Str: 25    XL:     5   Next: 66%
Magic:  5/5        EV:  6    Int:  7    God:    Gozag
Gold:   409        SH:  0    Dex:  8    Spells: 4/4 levels left

rFire    + . .     SeeInvis .   a - +0 war axe
rCold    + . .     Gourm    .   (no shield)
rNeg     . . .     Faith    .   s - +0 chain mail
rPois    +         Spirit   .   (no helmet)
rElec    +         Reflect  .   (no cloak)
rCorr    +         Harm     .   (no gloves)
MR       .....                  (no barding)
Stlth    ..........             (no amulet)
HPRegen  0.15/turn              (no ring)
MPRegen  0.09/turn              (no ring)

@: mighty, resistant, hasted, very quick
A: large, hooves 3, deformed body, speed 2, tough skin 3
a: Potion Petition, Call Merchant, Bribe Branch, Renounce Religion


You were on level 5 of the Dungeon.
You worshipped Gozag.
Gozag was aware of your devotion.
You were hungry.

You visited 2 branches of the dungeon, and saw 6 of its levels.

You collected 466 gold pieces.
You paid 57 gold pieces to Gozag.

Inventory:

Hand Weapons
 a - a +0 war axe (weapon)
Armour
 s - a +0 chain mail (worn)
Scrolls
 b - 2 scrolls of immolation {unknown}
 c - 3 scrolls of identify {unknown}
 j - a scroll of fear {unknown}
 l - 2 scrolls of teleportation {unknown}
 n - 2 scrolls of remove curse {unknown}
 t - a scroll of enchant armour {unknown}
Potions
 d - 2 potions of might
 e - 2 potions of curing {unknown}
 g - 2 potions of brilliance {unknown}
 i - a potion of agility
 k - a potion of invisibility {unknown}
 m - a potion of lignification {unknown}
 o - 2 potions of degeneration {unknown}
 p - 3 potions of flight {unknown}
 q - a potion of ambrosia {unknown}
 r - 2 potions of haste {unknown}
 u - a potion of heal wounds {unknown}
Comestibles
 f - 5 rations


   Skills:
 + Level 4.0 Fighting
 + Level 3.1 Axes
 + Level 3.0 Armour
 + Level 1.7 Dodging
   Level 2.3 Shields


You had 4 spell levels left.
You didn't know any spells.
Your spell library was empty.

Dungeon Overview and Level Annotations

Branches:
Dungeon (5/15)             Temple (1/1) D:4

Altars:
Ashenzari
Cheibriados
Dithmenos
Elyvilon
Fedhas
Gozag
Hepliaklqana
Kikubaaqudgha
Makhleb
Nemelex Xobeh
Qazlal
Ru
Sif Muna
Trog
Uskayaw
Vehumet
Wu Jian
Xom
Yredelemnul
Zin
The Shining One

Shops:
D:4 }

Annotations:
D:5 Pikel


Innate Abilities, Weirdness & Mutations

You have hooves in place of feet.
Armour fits poorly on your strangely shaped body.
You cover ground very quickly.
You have extremely tough skin. (AC +3)


Message History

Tha slave hits ye but does nay damage.
A crimson imp comes inta view.
Somethin' hits ye.
* * * LOW HITPOINT WARNIN'
* * * Somethin' shocks ye.
Ye resist.
* * * LOW HITPOINT WARNIN'
* * * Pikel hits ye wit' a +0 whip o' flamin'.
* * * LOW HITPOINT WARNIN'
* * * Tha slave hits ye.
* * * LOW HITPOINT WARNIN'
* * * Yer chain mail prevents ye from hittin' Pikel.
Pikel be heavily wounded.
Ye closely miss tha slave.
Tha crimson imp shouts!
Ye hit tha slave.
Ye closely miss tha slave.
Ye miss somethin'.
Tha slave hits ye but does nay damage. x2; Somethin' hits ye.
* * * LOW HITPOINT WARNIN'
* * * Somethin' shocks ye.
Ye resist.
Ye die...
Yer body crumbles inta a pile o' gold.

........##.######...#.#...
.........#.# #...#.#.###
.........#.# ##.##.#....
...........# ..# .#....
........#..# ##### .##.##
........#..###....
..................
........##pp......
..########@p...... .
#{K...... #p.......
#........ #........
#........ #5.......
'........


You could see Pikel, 4 slaves and a crimson imp.

Vanquished Creatures
  A bullfrog skeleton (D:4)
  An iguana (D:4)
  2 worker ants
  4 adders
  3 oozes
  4 worms
  2 dart slugs (D:1)
  A leopard gecko (D:1)
  2 orcs (D:3)
  A ball python (D:3)
  3 giant cockroaches
  8 goblins
  4 hobgoblins
  2 jackals (D:1)
  2 quokkas (D:3)
  A ball python skeleton (D:4)
  5 bats
  A frilled lizard (D:2)
  5 kobolds
  A leopard gecko skeleton (D:4)
  10 rats
63 creatures vanquished.

Notes
Turn   | Place    | Note
-------+----------+-------------------------------------------
     0 | D:1      | BoppinsLewinski the Centaur Fighter began the quest for the
                  | Orb.
     0 | D:1      | Reached XP level 1. HP: 19/19 MP: 1/1
    44 | D:1      | Reached XP level 2. HP: 19/26 MP: 2/2
   322 | D:1      | Reached XP level 3. HP: 17/31 MP: 3/3
   958 | D:2      | You fall into a shaft and drop 2 floors!
   969 | D:4      | Found a staircase to the Ecumenical Temple.
   980 | Temple   | Entered the Ecumenical Temple
  1151 | Temple   | Became a worshipper of Gozag Ym Sagoz the Greedy
  1192 | D:4      | Reached skill level 1 in Dodging
  1192 | D:4      | Reached XP level 4. HP: 23/38 MP: 4/4
  2864 | D:4      | Reached XP level 5. HP: 33/46 MP: 5/5
  3000 | D:4      | Reached skill level 4 in Fighting
  3259 | D:4      | Found a blossoming altar of Fedhas.
  3270 | D:4      | Found Firuuqaul's Gadget Shop.
  3486 | D:5      | Entered Level 5 of the Dungeon
  3938 | D:5      | Noticed a sky beast
  3941 | D:5      | Noticed a slave
  3941 | D:5      | Noticed a slave
  3942 | D:5      | Noticed Pikel
  3943 | D:5      | Noticed a slave
  3944 | D:5      | Noticed a slave
  3958 | D:5      | HP: 1/46 [something (2)]
  3958 | D:5      | Slain by a sky beast

Levels and vault maps discovered:
D:1:      saegor_arrival_simple_a, layout_basic, minmay_tetromino_s2
D:2:      layout_loops_ring
D:3:      layout_loops_corners
D:4:      layout_cave_pools, minmay_temple_entry_trees, first_ration,
          serial_shops, nicolae_shop_trees, chequers_arboretum, fedhas_altar_1
D:5:      layout_basic, enter_ossuary_5, trog_three_pillars_becter, uniq_pikel
Temple:   kilobyte_greek_temple

Skill      XL: |  1  2  3  4  5 |
---------------+----------------+-----
Axes           | 2 3 |  3.1
Dodging        | 1 |  1.7
Fighting       | 4 |  4.0
Armour         | 3 |  3.0
Shields        | |  2.3

Action                   |  1- 3 |  4- 6 || total
-------------------------+-------+-------++-------
Melee: War axe           |    62 |   134 ||   196
       Kick              |    12 |    31 ||    43
Invok: Potion Petition   |       |     1 ||     1
  Use: Scroll            |       |     1 ||     1
       Potion            |       |     1 ||     1
  Eat: Ration            |       |     2 ||     2
Armor: Scale mail        |    29 |     4 ||    33
       Chain mail        |       |    72 ||    72
Dodge: Dodged            |    26 |    32 ||    58
Block: Shield            |    14 |       ||    14

Table legend:
 A = Non-vault XP
 B = Vault XP
 C = Vault XP percentage of total XP
 D = Non-vault monster count
 E = Vault monster count
 F = Vault count percentage of total count
                 A         B        C        D         E       F
            +---------+---------+-------+---------+---------+-------
      Total |     317 |       1 |   0.3 |      62 |       1 |   1.6
            +---------+---------+-------+---------+---------+-------
        D:1 |      49 |       1 |   2.0 |      21 |       1 |   4.5
        D:2 |      48 |       0 |   0.0 |      18 |       0 |   0.0
        D:3 |      57 |       0 |   0.0 |      14 |       0 |   0.0
        D:4 |     130 |       0 |   0.0 |       8 |       0 |   0.0
        D:5 |      33 |       0 |   0.0 |       1 |       0 |   0.0
            +---------+---------+-------+---------+---------+-------
